TOP OF THE 1ST |
Mexico City Cerveceros batting - Pitching for Santa Monica Bruins : LHP Andrew Caine
|
Pitching: LHP Andrew Caine
|
|
Batting: RHB Murai Ishihara
|
0-0: Ball 1-0: Ball 2-0: Called Strike 2-1: Foul Ball, location: 2F 2-2: Fly out, F8 (Line Drive, 8LD)
|
Batting: RHB Robinson Pacheco
|
0-0: Ball 1-0: Ball 2-0: Called Strike 2-1: Fly out, F6 (Popup, 5D)
|
Batting: RHB Dave Morgan
|
0-0: Ball 1-0: Fly out, F7 (Flyball, 7LS)
|
Top of the 1st over - 0 run(s), 0 hit(s), 0 error(s), 0 left on base; Mexico City 0 - Santa Monica 0 |
BOTTOM OF THE 1ST |
Santa Monica Bruins batting - Pitching for Mexico City Cerveceros : LHP Allen Purss
|
Pitching: LHP Allen Purss
|
|
Batting: RHB Guo-xiu Choi
|
0-0: Foul Ball, location: 2F 0-1: Ball 1-1: Swinging Strike 1-2: Fly out, F9 (Flyball, 9S)
|
Batting: RHB Roberto Cruz
|
0-0: Called Strike 0-1: Swinging Strike 0-2: Foul Ball, location: 2F 0-2: Foul Ball, location: 2F 0-2: Ball 1-2: Ball 2-2: Fly out, F8 (Flyball, 78D)
|
Batting: RHB Alfredo López
|
0-0: SINGLE (Groundball, 6MD)
|
Batting: RHB Luis Martínez
|
0-0: Ball 1-0: Fielders Choice at 2nd, 6-4 (Groundball, 6)
|
Bottom of the 1st over - 0 run(s), 1 hit(s), 0 error(s), 0 left on base; Mexico City 0 - Santa Monica 0 |
TOP OF THE 2ND |
Mexico City Cerveceros batting - Pitching for Santa Monica Bruins : LHP Andrew Caine
|
Batting: RHB Randy Sheppard
|
0-0: Foul Ball, location: 2F 0-1: Ground out 5-3 (Groundball, 56)
|
Batting: LHB Eduardo Gómez
|
0-0: Swinging Strike 0-1: Ground out 3-1 (Groundball, 34)
|
Batting: RHB Robert Johnson
|
0-0: Ball 1-0: Swinging Strike 1-1: Ground out 1-3 (Groundball, 15S)
|
Top of the 2nd over - 0 run(s), 0 hit(s), 0 error(s), 0 left on base; Mexico City 0 - Santa Monica 0 |
BOTTOM OF THE 2ND |
Santa Monica Bruins batting - Pitching for Mexico City Cerveceros : LHP Allen Purss
|
Batting: RHB Bonifacio Torres
|
0-0: Called Strike 0-1: Foul Ball, location: 2F 0-2: Ball 1-2: Ball 2-2: Ground out 6-3 (Groundball, 6)
|
Batting: RHB Griswold Coleman
|
0-0: Ball 1-0: Foul Ball, location: 2F 1-1: Ball 2-1: Foul Ball, location: 2F 2-2: Foul Ball, location: 2F 2-2: Foul Ball, location: 2F 2-2: Ball 3-2: Foul Ball, location: 2F 3-2: Ground out 6-3 (Groundball, 6S)
|
Batting: RHB Armando Colón
|
0-0: SINGLE (Groundball, 4M) (infield hit)
|
Batting: RHB Fletcher Reed
|
0-0: Called Strike 0-1: Ball 1-1: Swinging Strike 1-2: Hit by Pitch Armando Colón to second
|
Batting: LHB Ethan Shaw
|
0-0: Fly out, F9 (Flyball, 9D)
|
Bottom of the 2nd over - 0 run(s), 1 hit(s), 0 error(s), 2 left on base; Mexico City 0 - Santa Monica 0 |
TOP OF THE 3RD |
Mexico City Cerveceros batting - Pitching for Santa Monica Bruins : LHP Andrew Caine
|
Batting: RHB John Dinkins
|
0-0: Swinging Strike 0-1: SINGLE (Groundball, 34D)
|
Batting: RHB Lee Price
|
0-0: Ball 1-0: SINGLE (Line Drive, 6D) John Dinkins to second
|
Batting: LHB Don Soper
|
0-0: Called Strike 0-1: Foul Ball, location: 2F 0-2: Ball 1-2: Grounds into double play, 4-6-3 (Groundball, 4) John Dinkins to third
|
Batting: RHB Murai Ishihara
|
0-0: Swinging Strike 0-1: Foul Ball, location: 2F 0-2: Foul Ball, location: 2F 0-2: Ball 1-2: SINGLE (Flyball, 9LS) John Dinkins scores
|
Batting: RHB Robinson Pacheco
|
0-0: Ball 1-0: Ball 2-0: Called Strike 2-1: Swinging Strike 2-2: Foul Ball, location: 2F 2-2: Ball 3-2: Foul Ball, location: 2F 3-2: Foul Ball, location: 2F 3-2: Fly out, F8 (Flyball, 8RM)
|
Top of the 3rd over - 1 run(s), 3 hit(s), 0 error(s), 1 left on base; Mexico City 1 - Santa Monica 0 |
BOTTOM OF THE 3RD |
Santa Monica Bruins batting - Pitching for Mexico City Cerveceros : LHP Allen Purss
|
Batting: RHB Guo-xiu Choi
|
0-0: Ball 1-0: Ball 2-0: Bunted foul 2-1: Ground out 4-3 (Groundball, 4)
|
Batting: RHB Roberto Cruz
|
0-0: Ball 1-0: Ball 2-0: Ball 3-0: Called Strike 3-1: Foul Ball, location: 2F 3-2: Foul Ball, location: 2F 3-2: Foul Ball, location: 2F 3-2: Base on Balls
|
Batting: RHB Alfredo López
|
0-0: Ball 1-0: Ball 2-0: Called Strike 2-1: Called Strike 2-2: Foul Ball, location: 2F 2-2: Strikes out looking
|
Batting: RHB Luis Martínez
|
0-0: Ball 1-0: Ball 2-0: Foul Ball, location: 2F 2-1: Ball 3-1: Called Strike 3-2: Base on Balls Roberto Cruz to second
|
Batting: RHB Bonifacio Torres
|
0-0: Called Strike 0-1: Ball 1-1: Ball 2-1: SINGLE (Groundball, 4M) (infield hit) Roberto Cruz to third Luis Martínez to second
|
Batting: RHB Griswold Coleman
|
0-0: SINGLE (Line Drive, 56) Roberto Cruz scores Luis Martínez to third Bonifacio Torres to second
|
Batting: RHB Armando Colón
|
0-0: Swinging Strike 0-1: Foul Ball, location: 2F 0-2: Ball 1-2: Ball 2-2: Strikes out swinging
|
Bottom of the 3rd over - 1 run(s), 2 hit(s), 0 error(s), 3 left on base; Mexico City 1 - Santa Monica 1 |
TOP OF THE 4TH |
Mexico City Cerveceros batting - Pitching for Santa Monica Bruins : LHP Andrew Caine
|
Batting: RHB Dave Morgan
|
0-0: Ground out 6-3 (Groundball, 6M)
|
Batting: RHB Randy Sheppard
|
0-0: Foul Ball, location: 2F 0-1: Ball 1-1: Foul Ball, location: 2F 1-2: SOLO HOME RUN (Flyball, 78XD), Distance : 416 ft
|
Batting: LHB Eduardo Gómez
|
0-0: Ball 1-0: Foul Ball, location: 2F 1-1: Called Strike 1-2: Strikes out swinging
|
Batting: RHB Robert Johnson
|
0-0: Ground out 6-3 (Groundball, 6)
|
Top of the 4th over - 1 run(s), 1 hit(s), 0 error(s), 0 left on base; Mexico City 2 - Santa Monica 1 |
BOTTOM OF THE 4TH |
Santa Monica Bruins batting - Pitching for Mexico City Cerveceros : LHP Allen Purss
|
Batting: RHB Fletcher Reed
|
0-0: Ball 1-0: Ball 2-0: Fly out, F8 (Flyball, 8LD)
|
Batting: LHB Ethan Shaw
|
0-0: Called Strike 0-1: Ground out 3-1 (Groundball, 34S)
|
Batting: RHB Guo-xiu Choi
|
0-0: Ball 1-0: SINGLE (Line Drive, 8RS)
|
Batting: RHB Roberto Cruz
|
0-0: Ball 1-0: Fly out, F7 (Flyball, 7)
|
Bottom of the 4th over - 0 run(s), 1 hit(s), 0 error(s), 1 left on base; Mexico City 2 - Santa Monica 1 |
TOP OF THE 5TH |
Mexico City Cerveceros batting - Pitching for Santa Monica Bruins : LHP Andrew Caine
|
Batting: RHB John Dinkins
|
0-0: Swinging Strike 0-1: Foul Ball, location: 2F 0-2: Ball 1-2: Foul Ball, location: 2F 1-2: Foul Ball, location: 2F 1-2: Ball 2-2: Ground out 1-3 (Groundball, 13S)
|
Batting: RHB Lee Price
|
0-0: Ball 1-0: Ground out 6-3 (Groundball, 6)
|
Batting: LHB Don Soper
|
0-0: Ball 1-0: Swinging Strike 1-1: Called Strike 1-2: Ball 2-2: Foul Ball, location: 2F 2-2: Strikes out swinging
|
Top of the 5th over - 0 run(s), 0 hit(s), 0 error(s), 0 left on base; Mexico City 2 - Santa Monica 1 |
BOTTOM OF THE 5TH |
Santa Monica Bruins batting - Pitching for Mexico City Cerveceros : LHP Allen Purss
|
Batting: RHB Alfredo López
|
0-0: Ground out 5-3 (Groundball, 5)
|
Batting: RHB Luis Martínez
|
0-0: Ball 1-0: Ball 2-0: Ball 3-0: Base on Balls
|
Batting: RHB Bonifacio Torres
|
0-0: Ball 1-0: Ball 2-0: Called Strike 2-1: Foul Ball, location: 2F 2-2: Grounds into double play, 6-4-3 (Groundball, 6)
|
Bottom of the 5th over - 0 run(s), 0 hit(s), 0 error(s), 0 left on base; Mexico City 2 - Santa Monica 1 |
TOP OF THE 6TH |
Mexico City Cerveceros batting - Pitching for Santa Monica Bruins : LHP Andrew Caine
|
Batting: RHB Murai Ishihara
|
0-0: Called Strike 0-1: Ball 1-1: Ball 2-1: Ball 3-1: Swinging Strike 3-2: Strikes out swinging, 2-3 out at first.
|
Batting: RHB Robinson Pacheco
|
0-0: Foul Ball, location: 2F 0-1: Foul Ball, location: 2F 0-2: SINGLE (Groundball, 4M) (infield hit)
|
Batting: RHB Dave Morgan
|
0-0: Called Strike 0-1: Ball 1-1: Foul Ball, location: 2F 1-2: Fly out, F7 (Flyball, 7LS)
|
Batting: RHB Randy Sheppard
|
0-0: Ball 1-0: Ball 2-0: Called Strike 2-1: Swinging Strike 2-2: Foul Ball, location: 2F 2-2: Strikes out swinging
|
Top of the 6th over - 0 run(s), 1 hit(s), 0 error(s), 1 left on base; Mexico City 2 - Santa Monica 1 |
BOTTOM OF THE 6TH |
Santa Monica Bruins batting - Pitching for Mexico City Cerveceros : LHP Allen Purss
|
Batting: RHB Griswold Coleman
|
0-0: Foul Ball, location: 2F 0-1: Ball 1-1: Swinging Strike 1-2: Foul Ball, location: 2F 1-2: Ball 2-2: Ground out 4-3 (Groundball, 34)
|
Batting: RHB Armando Colón
|
0-0: Called Strike 0-1: Ball 1-1: SINGLE (Line Drive, 5S)
|
Pinch Runner at 1st Francisco Medina:
|
|
Batting: RHB Fletcher Reed
|
0-0: Ball 1-0: Called Strike 1-1: Ball 2-1: Grounds into double play, 4-6-3 (Groundball, 4)
|
Bottom of the 6th over - 0 run(s), 1 hit(s), 0 error(s), 0 left on base; Mexico City 2 - Santa Monica 1 |
TOP OF THE 7TH |
Mexico City Cerveceros batting - Pitching for Santa Monica Bruins : LHP Andrew Caine
|
Now at SS: Francisco Medina
|
|
Batting: LHB Eduardo Gómez
|
0-0: Ball 1-0: Ball 2-0: Called Strike 2-1: Swinging Strike 2-2: Strikes out swinging
|
Batting: RHB Robert Johnson
|
0-0: Ball 1-0: Foul Ball, location: 2F 1-1: Foul Ball, location: 2F 1-2: Fly out, F9 (Flyball, 9S)
|
Batting: RHB John Dinkins
|
0-0: Ground out 6-3 (Groundball, 6)
|
Top of the 7th over - 0 run(s), 0 hit(s), 0 error(s), 0 left on base; Mexico City 2 - Santa Monica 1 |
BOTTOM OF THE 7TH |
Santa Monica Bruins batting - Pitching for Mexico City Cerveceros : LHP Allen Purss
|
Pitching: LHP Doug Starks
|
|
Batting: LHB Ethan Shaw
|
0-0: Ball 1-0: Called Strike 1-1: Swinging Strike 1-2: SINGLE (Line Drive, 4D)
|
Batting: RHB Guo-xiu Choi
|
0-0: Bunt missed! 0-1: Sac Bunt - play at first, batter OUT! 1-4 Ethan Shaw to second
|
Batting: RHB Roberto Cruz
|
0-0: Ball 1-0: Ball 2-0: Ball 3-0: Base on Balls
|
Batting: RHB Alfredo López
|
0-0: Called Strike 0-1: Fielders Choice at 2nd, 6-4 (Groundball, 56) Ethan Shaw to third
|
Batting: RHB Luis Martínez
|
0-0: Ball 1-0: Ball 2-0: Ball 3-0: Base on Balls Alfredo López to second
|
Batting: RHB Bonifacio Torres
|
0-0: Ball 1-0: Ball 2-0: SINGLE (Groundball, 6S) (infield hit) Ethan Shaw scores Alfredo López to third Luis Martínez to second
|
Batting: RHB Griswold Coleman
|
0-0: Called Strike 0-1: Called Strike 0-2: Ball 1-2: Strikes out swinging
|
Bottom of the 7th over - 1 run(s), 2 hit(s), 0 error(s), 3 left on base; Mexico City 2 - Santa Monica 2 |
TOP OF THE 8TH |
Mexico City Cerveceros batting - Pitching for Santa Monica Bruins : LHP Andrew Caine
|
Batting: RHB Lee Price
|
0-0: Ball 1-0: Ball 2-0: Ball 3-0: Called Strike 3-1: Called Strike 3-2: Foul Ball, location: 2F 3-2: Foul Ball, location: 2F 3-2: Base on Balls
|
Pitching: RHP Martín Ortíz
|
|
Pinch Hitting: LHB John Nicholson
|
0-0: Swinging Strike 0-1: Ground out 3-1 (Groundball, 34) Lee Price to second
|
Batting: RHB Murai Ishihara
|
0-0: Intentional Walk
|
Batting: RHB Robinson Pacheco
|
0-0: Called Strike 0-1: Called Strike 0-2: Foul Ball, location: 2F 0-2: Ground out 5-3 (Groundball, 5S) Lee Price to third Murai Ishihara to second
|
Batting: RHB Dave Morgan
|
0-0: Ground out 5-3 (Groundball, 56)
|
Top of the 8th over - 0 run(s), 0 hit(s), 0 error(s), 2 left on base; Mexico City 2 - Santa Monica 2 |
BOTTOM OF THE 8TH |
Santa Monica Bruins batting - Pitching for Mexico City Cerveceros : LHP Doug Starks
|
Now in LF: John Nicholson
|
|
Pinch Hitting: RHB Pablo Peńa
|
0-0: Called Strike 0-1: Swinging Strike 0-2: Ball 1-2: Ball 2-2: Ball 3-2: Base on Balls
|
Pinch Hitting: RHB Salvador Salas
|
0-0: Ball 1-0: Bunted foul 1-1: Ball 2-1: Ball 3-1: Bunt missed! 3-2: SINGLE (Line Drive, 4M) Pablo Peńa to second
|
Pitching: RHP Troy Hawkins
|
|
Pinch Runner at 2nd Ken Hernández:
|
|
Pinch Hitting: LHB Noriaki Sangi
|
0-0: Foul Ball, location: 2F 0-1: Foul Ball, location: 2F 0-2: Ball 1-2: Foul Ball, location: 2F 1-2: Ball 2-2: Ball 3-2: Foul Ball, location: 2F 3-2: Grounds into double play, 6-4-3 (Groundball, 6) Ken Hernández to third
|
Pinch Hitting: LHB Brent Alonzo
|
0-0: Ground out 3-1 (Groundball, 34)
|
Bottom of the 8th over - 0 run(s), 1 hit(s), 0 error(s), 1 left on base; Mexico City 2 - Santa Monica 2 |
TOP OF THE 9TH |
Mexico City Cerveceros batting - Pitching for Santa Monica Bruins : RHP Martín Ortíz
|
Pitching: RHP Keith Harper
|
|
Now at 3B: Salvador Salas
|
|
Now at SS: Ken Hernández
|
|
Now in LF: Ken Phillips
|
|
Now in RF: Marty Hendrickson
|
|
Batting: RHB Randy Sheppard
|
0-0: Ball 1-0: Ball 2-0: Called Strike 2-1: Ground out 6-3 (Groundball, 6)
|
Batting: LHB Eduardo Gómez
|
0-0: Ball 1-0: Called Strike 1-1: Ball 2-1: Ball 3-1: SINGLE (Groundball, 34D)
|
Batting: RHB Robert Johnson
|
0-0: Ball 1-0: SINGLE (Line Drive, 89M) Eduardo Gómez to second
|
Pinch Hitting: SHB George Adams
|
0-0: Ball 1-0: Swinging Strike 1-1: Ball 2-1: Foul Ball, location: 2F 2-2: Foul Ball, location: 2F 2-2: Ball 3-2: Strikes out swinging
|
Batting: RHB Lee Price
|
0-0: Foul Ball, location: 2F 0-1: Foul Ball, location: 2F 0-2: Ball 1-2: Ball 2-2: Ball 3-2: Base on Balls Eduardo Gómez to third Robert Johnson to second
|
Batting: LHB John Nicholson
|
0-0: Ball 1-0: Ball 2-0: Ball 3-0: Base on Balls Eduardo Gómez scores Robert Johnson to third Lee Price to second
|
Batting: RHB Murai Ishihara
|
0-0: Called Strike 0-1: SINGLE (Groundball, 56D) Robert Johnson scores Lee Price to third John Nicholson to second Runner from 3rd tries for Home, SAFE, no throw
|
Pitching: RHP Mario Chávez
|
|
Batting: RHB Robinson Pacheco
|
0-0: Called Strike 0-1: Ball 1-1: Ball 2-1: Ball 3-1: Called Strike 3-2: SINGLE (Flyball, 89S) John Nicholson to third Murai Ishihara to second John Nicholson scores Murai Ishihara to third
|
Batting: RHB Dave Morgan
|
0-0: Called Strike 0-1: Fly out, F8 (Flyball, 8LM)
|
Top of the 9th over - 4 run(s), 4 hit(s), 0 error(s), 2 left on base; Mexico City 6 - Santa Monica 2 |
BOTTOM OF THE 9TH |
Santa Monica Bruins batting - Pitching for Mexico City Cerveceros : RHP Troy Hawkins
|
Now at 2B: George Adams
|
|
Batting: RHB Roberto Cruz
|
0-0: Ball 1-0: Called Strike 1-1: Called Strike 1-2: Ball 2-2: Strikes out swinging
|
Batting: RHB Alfredo López
|
0-0: Ball 1-0: SOLO HOME RUN (Flyball, 78XD), Distance : 403 ft
|
Batting: RHB Luis Martínez
|
0-0: Ground out 5-3 (Groundball, 5)
|
Batting: RHB Bonifacio Torres
|
0-0: Called Strike 0-1: Ball 1-1: Ball 2-1: Foul Ball, location: 2F 2-2: Foul Ball, location: 2F 2-2: Ball 3-2: Base on Balls
|
Pitching: RHP Gil Dickson
|
|
Batting: RHB Griswold Coleman
|
0-0: Ball 1-0: Called Strike 1-1: Ball 2-1: Ball 3-1: Foul Ball, location: 2F 3-2: Fly out, F7 (Flyball, 78S)
|
Bottom of the 9th over - 1 run(s), 1 hit(s), 0 error(s), 1 left on base; Mexico City 6 - Santa Monica 3 |
|